 Dungeon Crawl Stone Soup version 0.27.1-33-g824d729ab1 (webtiles) character file.

Game seed: 8667337590493378181

447 alasdair19 the Shield-Bearer (level 6, -6/55 HPs)
             Began as a Minotaur Fighter on Dec 9, 2021.
             Mangled by an ogre (10 damage)
             ... on level 4 of the Dungeon.
             The game lasted 00:07:56 (3212 turns).

alasdair19 the Shield-Bearer (Minotaur Fighter)     Turns: 3212, Time: 00:07:57

Health: -6/55      AC:  7    Str: 28    XL:     6   Next: 73%
Magic:  5/5        EV:  8    Int:  5    God:
Gold:   65         SH: 11    Dex: 10    Spells: 5/5 levels left

rFire    . . .     SeeInvis .   a - +0 long sword
rCold    . . .     Faith    .   c - +0 kite shield
rNeg     . . .     Spirit   .   b - +0 scale mail
rPois    .         Reflect  .   (helmet restricted)
rElec    .         Harm     .   (no cloak)
rCorr    .         Rampage  .   (no gloves)
Will     .....                  (no boots)
Stlth    ..........             (no amulet)
HPRegen  0.18/turn              g - +6 ring of strength
MPRegen  0.09/turn              (no ring)

@: no status effects
A: horns 2, retaliatory headbutt
a: no special abilities


You were on level 4 of the Dungeon.
You visited 2 branches of the dungeon, and saw 5 of its levels.

You collected 180 gold pieces.
You spent 115 gold pieces at shops.

Inventory:

Hand Weapons
 a - a +0 long sword (weapon)
 l - a +1 dagger of speed
Missiles
 n - 3 poisoned darts (quivered)
 q - 3 boomerangs
Armour
 b - a +0 scale mail (worn)
 c - a +0 kite shield (worn)
Jewellery
 g - a +6 ring of strength (left hand)
Wands
 o - a wand of polymorph (8)
Scrolls
 d - a scroll of immolation {unknown}
 e - a scroll of silence {unknown}
 f - a scroll of magic mapping
 j - a scroll of teleportation
Potions
 h - 2 potions of flight
 i - 4 potions of curing
 k - a potion of might
 m - a potion of resistance
 p - a potion of lignification {unknown}


   Skills:
 + Level 4.8 Fighting
 + Level 5.5 Long Blades
 + Level 0.4 Throwing
 + Level 5.4 Armour
 + Level 5.6 Shields


You had 5 spell levels left.
You didn't know any spells.
Your spell library contained the following spells:

 Spells                   Type           Power      Damage    Failure   Level
 Corpse Rot               Necr/Air       N/A        N/A       99%         2
 Poisonous Vapours        Pois/Air       0%         N/A       99%         2
 Conjure Flame            Conj/Fire      0%         6-21      100%        3
 Ignite Poison            Fire/Tmut/Pois 0%         N/A       100%        3
 Sticky Flame             Conj/Fire      0%         2d3       100%        4
 Freezing Cloud           Conj/Ice/Air   0%         6-21      100%        5


Dungeon Overview and Level Annotations

Branches:
Dungeon (4/15)             Temple (1/1) D:4

Altars:
Ashenzari
Cheibriados
Dithmenos
Gozag
Makhleb
Qazlal
Sif Muna
Trog
Uskayaw
The Shining One

Shops:
D:2 ?


Innate Abilities, Weirdness & Mutations

You have a pair of horns on your head.
You reflexively headbutt those who attack you in melee.


Message History

You start resting.
HP restored.
There is an open door here.
n - a poisoned dart
n - 2 poisoned darts (gained 1)
n - 3 poisoned darts (gained 1)
You open the gate.
There is an open gate here.
You open the gate.
Found a shimmering blue altar of Sif Muna.
You open the gate.
There is an open gate here.
A goblin comes into view. It is wielding a +0 dagger.
The goblin shouts!
The goblin moves out of view.
A goblin is nearby!
You slash the goblin!
You kill the goblin!
Things that are here:
a +0 dagger; a goblin corpse An ogre comes into view.
It is wielding a +0 giant club.
Found a club.
The ogre shouts!
An ogre is nearby!
You slash the ogre!
You headbutt the ogre, but do no damage.
The ogre is moderately wounded.
The ogre hits you with a +0 giant club!! x2
* * * LOW HITPOINT WARNING * * *
You hit the ogre. You headbutt the ogre.
The ogre is heavily wounded.
The ogre hits you with a +0 giant club.
* * * LOW HITPOINT WARNING * * *
You slash the ogre!
The ogre is almost dead.
You block the ogre's attack.
You hit the ogre.
The ogre is almost dead.
The ogre hits you with a +0 giant club!
You die...

#..... #.#
.# #..###
#)# .# ##.#
#.##.# #.###
.....# #....
#.#..# ###.#
#.#..# #.#
#O#..######
#.#
#@.........
#..
#.#)###.##
#.#
#.#.###.#
#†#
#.#.....# #
#....
#.#.###.##.#
#.#.#
#.#........#
###..
#.......####
#..
...........#
#..
##.........#
#..


You could see an ogre.

Vanquished Creatures
  An ogre (D:4)
  A water moccasin skeleton (D:4)
  A jelly (D:4)
  Ijyb (D:3)
  Terence (D:2)
  Natasha (thrice) (D:2)
  An iguana (D:4)
  3 gnolls (D:4)
  2 adders (D:3)
  A worm (D:2)
  2 dart slugs
  13 orcs
  6 ball pythons
  4 endoplasms
  3 giant cockroaches
  5 goblins
  4 hobgoblins
  A quokka (D:2)
  4 bats
  7 frilled lizards
  A jackal skeleton (D:4)
  6 kobolds
  6 rats
77 creatures vanquished.

Notes
Turn   | Place    | Note
-------+----------+-------------------------------------------
     0 | D:1      | alasdair19 the Minotaur Fighter began the quest for the
                  | Orb.
     0 | D:1      | Reached XP level 1. HP: 19/19 MP: 0/0
   152 | D:1      | Reached XP level 2. HP: 23/27 MP: 1/1
   254 | D:1      | Found a faded altar of an unknown god.
   742 | D:2      | Reached XP level 3. HP: 33/33 MP: 2/2
   811 | D:2      | Found Nikeu's Magic Scroll Boutique.
   877 | D:2      | Bought a scroll of identify for 22 gold pieces
   877 | D:2      | Bought a scroll of identify for 22 gold pieces
  1071 | D:2      | Noticed Natasha
  1076 | D:2      | Killed Natasha
  1184 | D:2      | Noticed Natasha
  1188 | D:2      | Killed Natasha
  1189 | D:2      | Reached XP level 4. HP: 40/40 MP: 3/3
  1279 | D:2      | Noticed Terence
  1285 | D:2      | Killed Terence
  1420 | D:2      | Noticed Natasha
  1424 | D:2      | Killed Natasha
  1425 | D:2      | Reached XP level 5. HP: 39/47 MP: 4/4
  2076 | D:2      | Bought a scroll of magic mapping for 38 gold pieces
  2076 | D:2      | Bought a scroll of teleportation for 33 gold pieces
  2303 | D:3      | Noticed Ijyb
  2312 | D:3      | Killed Ijyb
  2313 | D:3      | Reached skill level 5 in Armour
  2313 | D:3      | Reached skill level 5 in Shields
  2414 | D:4      | Reached XP level 6. HP: 36/53 MP: 5/5
  2547 | D:4      | Reached skill level 5 in Long Blades
  2715 | D:4      | Found a staircase to the Ecumenical Temple.
  2721 | Temple   | Entered the Ecumenical Temple
  3185 | D:4      | Found a shimmering blue altar of Sif Muna.
  3212 | D:4      | Mangled by an ogre

Illustrated notes

Levels and vault maps discovered:
D:1:      dpeg_arrival_rooms_a, layout_rooms, shapermc_ecumenical_altar_gd
D:2:      layout_basic, serial_corexii_hall, corexii_hall_statues_l,
          corexii_hall_statues_x, serial_shops, nicolae_shop_window_shopping,
          uniq_terence, uniq_natasha
D:3:      layout_rooms, uniq_ijyb
D:4:      layout_loops_corners, mainiacjoe_overflow_big_doors,
          minmay_temple_entry_drinking_statues, st_stairs_12
Temple:   compressed_dpeg_triangle_lava_temple

Skill      XL: |  1  2  3  4  5  6 |
---------------+-------------------+-----
Armour         | 4 5 |  5.4
Fighting       | 4 |  4.8
Shields        | 4 5 |  5.6
Long Blades    | 3 4 5 |  5.5
Throwing       | |  0.4

Action                   |  1- 3 |  4- 6 || total
-------------------------+-------+-------++-------
Melee: Long sword        |    79 |    89 ||   168
       Headbutt          |    17 |    15 ||    32
Throw: Dart              |       |     7 ||     7
  Use: Scroll            |     2 |     2 ||     4
       Potion            |       |     1 ||     1
Armor: Scale mail        |    29 |    33 ||    62
Dodge: Dodged            |    15 |    29 ||    44
Block: Kite shield       |    43 |    45 ||    88
       Rpst.: Long sword |     4 |     8 ||    12
